 Dungeon Crawl Stone Soup version 0.32-a0-818-gb728d0252e (webtiles) character file.

Game seed: 1036376366891597754

569 Descartes the Covered (level 7, -1/61 HPs)
             Began as a Mountain Dwarf Fighter on Mar 24, 2024.
             Was an Initiate of Gozag.
             Slain by a phantom (3 damage)
             ... on level 5 of the Dungeon.
             The game lasted 00:05:58 (3659 turns).

Descartes the Covered (Mountain Dwarf Fighter)      Turns: 3659, Time: 00:05:58

Health: -1/61      AC: 15    Str: 20    XL:     7   Next: 11%
Magic:  7/7        EV:  8    Int:  9    God:    Gozag
Gold:   18         SH:  9    Dex:  9    Spells: 6/6 levels left

rFire   x . .        a - +0 war axe
rCold   + + .        c - +0 buckler
rNeg    . . .        r - +0 ice dragon scales
rPois   +            m - +0 helmet
rElec   .            f - +1 cloak {rPois}
rCorr   .            (no gloves)
SInv    .            u - +0 pair of boots
Will    .....        k - amulet of reflection Stlth
                     (no ring)
HPRegen 0.30/turn    (no ring)
MPRegen 0.10/turn

%: reflection
@: hasted, very quick
A: runic magic, artefact enchanting
a: Renounce Religion, Potion Petition, Call Merchant, Bribe Branch


You were on level 5 of the Dungeon.
You worshipped Gozag.
Gozag was noncommittal.
You visited 1 branch of the dungeon, and saw 5 of its levels.

You collected 206 gold pieces.
You spent 161 gold pieces at shops.
You paid 27 gold pieces to Gozag.

Inventory:

Hand Weapons
 a - a +0 war axe (weapon)
 d - a +2 quarterstaff of chaos
Missiles
 p - 3 atropa-tipped darts (quivered)
Armour
 c - a +0 buckler (worn)
 f - a +1 cloak of poison resistance (worn)
 i - a +0 chain mail
 m - a +0 helmet (worn)
 r - +0 ice dragon scales (worn)
 u - a +0 pair of boots (worn)
Magical Staves
 q - a staff of death
 x - a staff of fire
Jewellery
 k - an amulet of reflection (around neck)
Wands
 j - a wand of light (8)
 s - a wand of flame (17)
 v - a wand of warping (8)
Scrolls
 e - 2 scrolls of enchant weapon
 h - a scroll of teleportation
 l - 2 scrolls of identify
 n - a scroll of poison
 o - a scroll of immolation
 y - a scroll of enchant armour
Potions
 b - a potion of haste
 g - 3 potions of curing
 w - a potion of invisibility


   Skills:
 + Level 5.2 Fighting
 + Level 5.1 Axes
 + Level 5.3 Armour
 + Level 5.2 Shields


You had 6 spell levels left.
You didn't know any spells.
Your spell library was empty.

Dungeon Overview and Level Annotations

Branches:
Dungeon (5/15)
 Temple: D:4-7

Altars:
Cheibriados
Gozag
Trog
Xom
Zin

Shops:
D:1 :   D:5 ?=

Annotations:
D:5 Grinder


Innate Abilities, Weirdness & Mutations

Your spellcasting is much less encumbered by armour.
You can use scrolls of enchantment on lesser artefacts.


Message History

The two-headed ogre is lightly wounded.
A scorpion comes into view.
You block the two-headed ogre's attack.
The two-headed ogre hits you with a +0 giant club!
You hit the two-headed ogre but do no damage.
The two-headed ogre is lightly wounded.
You slash the two-headed ogre!
The two-headed ogre is moderately wounded.
The two-headed ogre hits you with a +0 giant spiked club!
The two-headed ogre hits you with a +0 giant club!
* * * LOW HITPOINT WARNING * * *
Grinder hits you but does no damage. The phantom closely misses you.
You are too injured to fight recklessly!
You are too injured to fight recklessly!
You are too injured to fight recklessly!
You are too injured to fight recklessly!
You are too injured to fight recklessly!
You are too injured to fight recklessly!
You are too injured to fight recklessly!
You are too injured to fight recklessly!
You are too injured to fight recklessly!
You are too injured to fight recklessly!
Unknown command.
You feel much better. You block the two-headed ogre's attack.
The two-headed ogre hits you but does no damage.
The phantom barely misses you. You block Grinder's attack.
Okay, then.
You slash the two-headed ogre!
The two-headed ogre is moderately wounded.
You slash Grinder! You hit the phantom. Grinder gestures at you.
You struggle to resist.
The phantom hits you but does no damage.
The two-headed ogre hits you with a +0 giant spiked club!!
* * * LOW HITPOINT WARNING * * *
The two-headed ogre barely misses you.
You feel yourself speed up. The scorpion closely misses you.
The phantom hits you.
You die...
Your body crumbles into a pile of gold.

#⌠.⌠#.#+#####
#....# #.∩...#.#
#)...# #⌠%⌠#.#.#
#....# #.###.#.#
##.... #.#
#.#.### ######
#.###...[.#
#.......#.#
##########'###...
......O@.......#
......s5W......#
...............#
...............#
.........?.....#
.................
.).............##
...............#


You could see a two-headed ogre, Grinder, a phantom and a scorpion.

Vanquished Creatures
  A black bear (D:4)
  An ogre (D:5)
  2 hounds (D:4)
  2 jellies (D:4)
  Crazy Yiuf (D:3)
  An orc priest (D:4)
  Ijyb (D:4)
  A gnoll (D:3)
  5 adders
  A white imp (D:4)
  2 ribbon worms
  2 dart slugs
  9 orcs
  8 ball pythons
  5 bats
  4 endoplasms
  2 giant cockroaches
  9 goblins
  8 hobgoblins
  5 jackals
  A kobold (D:2)
  5 quokkas
  2 frilled lizards (D:1)
  5 rats
83 creatures vanquished.

Vanquished Creatures (others)
  A bombardier beetle (D:3)
1 creature vanquished.

Grand Total: 84 creatures vanquished

Notes
Turn   | Place    | Note
-------+----------+-------------------------------------------
     0 | D:1      | Descartes the Mountain Dwarf Fighter began the quest for
                  | the Orb.
     0 | D:1      | Reached XP level 1. HP: 19/19 MP: 1/1
   186 | D:1      | Found a transporter.
   194 | D:1      | Found Zaahunku's Book Shop.
   212 | D:1      | Found a transporter.
   244 | D:1      | Reached XP level 2. HP: 26/26 MP: 2/2
  1022 | D:2      | Reached XP level 3. HP: 33/33 MP: 3/3
  1646 | D:2      | Found a faded altar of an unknown god.
  1779 | D:3      | Noticed an angel
  1790 | D:3      | Found a glowing silver altar of Zin.
  1790 | D:3      | Found a shimmering altar of Xom.
  1838 | D:3      | Reached XP level 4. HP: 40/40 MP: 4/4
  2120 | D:3      | Found a runed translucent door.
  2121 | D:3      | Noticed Crazy Yiuf
  2247 | D:3      | Killed Crazy Yiuf
  2248 | D:3      | Reached XP level 5. HP: 5/46 MP: 5/5
  2456 | D:4      | Noticed a black bear
  2476 | D:4      | Killed a black bear
  2607 | D:4      | Noticed Ijyb
  2622 | D:4      | Killed Ijyb
  2623 | D:4      | Reached XP level 6. HP: 24/53 MP: 6/6
  2925 | D:4      | Found a bloodstained altar of Trog.
  2925 | D:4      | Found a snail-covered altar of Cheibriados.
  2925 | D:4      | Found an opulent altar of Gozag.
  2941 | D:4      | Became a worshipper of Gozag Ym Sagoz the Greedy
  3058 | D:4      | Reached skill level 5 in Fighting
  3058 | D:4      | Reached skill level 5 in Armour
  3058 | D:4      | Reached skill level 5 in Shields
  3468 | D:5      | Entered Level 5 of the Dungeon
  3497 | D:5      | Reached skill level 5 in Axes
  3497 | D:5      | Reached XP level 7. HP: 39/61 MP: 7/7
  3584 | D:5      | Found Voifuos's Magic Scroll Emporium.
  3600 | D:5      | Bought a scroll of identify for 28 gold pieces
  3600 | D:5      | Bought a scroll of enchant armour for 105 gold pieces
  3600 | D:5      | Bought a scroll of identify for 28 gold pieces
  3629 | D:5      | Found Tageniebb's Jewellery Shoppe.
  3650 | D:5      | Noticed a two-headed ogre
  3651 | D:5      | Noticed Grinder
  3658 | D:5      | HP: 1/61 [two-headed ogre/+0 giant spiked club (29)]
  3659 | D:5      | Slain by a phantom

Illustrated notes

Levels and vault maps discovered:
D:1:      reono_arrival_mine, layout_basic, serial_shops,
          nicolae_shop_drivethru, nrook_uturn
D:2:      layout_basic, chequers_ecumenical_altar_lobes
D:3:      layout_rooms, grunt_temple_overflow_order_and_chaos_1,
          serial_bayou_lagoon_a, chequers_decorated_corner, minmay_surrounded,
          uniq_crazy_yiuf_cottage
D:4:      layout_basic, chequers_temple_overflow_statue_of_worship, uniq_ijyb
D:5:      layout_basic, serial_shops, shop_fountains, nicolae_stop_n_shop_2,
          nicolae_shop_statue_plus, uniq_grinder

Skill      XL: |  1  2  3  4  5  6 |
---------------+-------------------+-----
Axes           | 3 4 5 |  5.1
Fighting       | 4 5 |  5.2
Armour         | 4 5 |  5.3
Shields        | 4 5 |  5.2

Action                     |  1- 3 |  4- 6 |  7- 9 || total
---------------------------+-------+-------+-------++-------
  Melee: War axe           |   119 |   183 |     4 ||   306
    Use: Potion            |       |     3 |     2 ||     5
         Scroll            |       |       |     7 ||     7
 Armour: Scale mail        |    32 |       |       ||    32
         Chain mail        |    71 |    45 |       ||   116
         Ice dragon scales |       |   140 |     9 ||   149
  Dodge: Dodged            |    40 |    74 |     4 ||   118
  Block: Buckler           |    51 |   107 |     4 ||   162
         Reflection        |       |     2 |       ||     2

Table legend: (Time is in decaauts)
 A = Elapsed time spent in this place.
 B = Non-inter-level travel time spent in this place.
 C = Inter-level travel time spent in this place.
 D = Time resting spent in this place.
 E = Time spent auto-exploring this place.
 F = Levels seen in this place.
 G = Mean time per level.
                   A        B        C        D        E       F      G
               +--------+--------+--------+--------+--------+-----+--------+
         Total |   3768 |   3475 |    293 |      0 |   2720 |   5 |  753.6 |
       Dungeon |   3768 |   3475 |    293 |      0 |   2720 |   5 |  753.6 |
               +--------+--------+--------+--------+--------+-----+--------+

Top non-repeatable levels by time:
     D:4: 1073 daAuts
     D:1: 946 daAuts
     D:2: 807 daAuts
     D:3: 747 daAuts
     D:5: 194 daAuts
